General information
- name: BNet
- type: Ladder team game (AT/RT)
- host: Battle.net
- saver: FrancaisForce
map: FullScaleAssault
- players: 8
- length: 11:32
- speed: Fast
- version: 1.28 W3XP
- replay type: Public
» download(99 KB)
Players
team 1 (winner)
herneb-pro (
teal | 46 APM | 529 actions | 11:32)
3 Tauren Chieftain
2 War Stomp
1 Endurance Aura
» actions
| Assign group hotkey | 5 | |
| Basic commands | 58 | |
| Build / train | 43 | |
| Enter build submenu | 30 | |
| Enter hero's abilities submenu | 4 | |
| Give item / drop item | 6 | |
| Remove unit from queue | 1 | |
| Right click | 12 | |
| Select / deselect | 155 | |
| Select group hotkey | 129 | |
| Use ability | 86 | |
529 total
» units
| Peon | 23 | |
| Grunt | 4 | |
| Goblin Zeppelin | 1 | |
28 total
» upgrades
| Pillage | 1 | |
| Spiked Barricades | 1 | |
| Armor | 1 | |
| Troll Regeneration | 1 | |
4 total
» buildings
| Orc Burrow | 6 | |
| Altar of Storms | 1 | |
| Barracks | 2 | |
| Voodoo Lounge | 1 | |
| War Mill | 1 | |
| Great Hall | 2 | |
| Watch Tower | 11 | |
| Stronghold | 1 | |
| Fortress | 1 | |
| Spirit Lodge | 2 | |
| Beastiary | 1 | |
29 total
» build order
00:23 Orc Burrow
00:37 Altar of Storms
00:56 Barracks
01:36 Orc Burrow
02:00 Voodoo Lounge
02:32 Orc Burrow
03:17 War Mill
05:33 Great Hall
05:38 Watch Tower
05:40 Watch Tower
05:42 Watch Tower
06:07 Watch Tower
06:10 Watch Tower
06:22 Watch Tower
07:03 Watch Tower
07:07 Watch Tower
07:44 Stronghold
09:31 Great Hall
09:33 Watch Tower
09:43 Orc Burrow
09:49 Barracks
09:52 Orc Burrow
10:09 Fortress
10:12 Spirit Lodge
10:15 Spirit Lodge
10:19 Beastiary
10:33 Watch Tower
10:59 Orc Burrow
11:15 Watch Tower
» items
| Healing Salve | 2 | |
| Lesser Clarity Potion | 1 | |
| Scroll of Town Portal | 1 | |
4 total
Engerau666 (
green | 66 APM | 759 actions | 11:32)
4 Warden
2 Fan of Knives
1 Shadow Strike
1 Blink
» actions
| Assign group hotkey | 176 | |
| Basic commands | 32 | |
| Build / train | 48 | |
| Enter build submenu | 13 | |
| Enter hero's abilities submenu | 4 | |
| Give item / drop item | 2 | |
| Right click | 215 | |
| Select / deselect | 89 | |
| Select group hotkey | 150 | |
| Use ability | 30 | |
759 total
» units
| Wisp | 12 | |
| Archer | 12 | |
| Hippogryph | 4 | |
| Chimaera | 1 | |
29 total
» upgrades
| Strength of the Moon | 1 | |
| Improved Bows | 1 | |
| Strength of the Wild | 1 | |
| Hippogryph Taming | 1 | |
| Druid of the Talon Training | 1 | |
| Corrosive Breath | 1 | |
6 total
» buildings
| Altar of Elders | 1 | |
| Moon Well | 4 | |
| Ancient of War | 1 | |
| Ancient of Wonders | 1 | |
| Hunter's Hall | 1 | |
| Tree of Ages | 3 | |
| Tree of Eternity | 1 | |
| Ancient of Wind | 2 | |
| Chimaera Roost | 2 | |
| Tree of Life | 1 | |
17 total
» build order
00:06 Altar of Elders
00:10 Moon Well
00:34 Ancient of War
01:29 Moon Well
01:53 Ancient of Wonders
03:07 Moon Well
03:39 Hunter's Hall
04:05 Tree of Ages
04:05 Tree of Ages
04:05 Tree of Ages
05:24 Moon Well
06:35 Tree of Eternity
07:08 Ancient of Wind
07:11 Ancient of Wind
09:24 Chimaera Roost
09:30 Chimaera Roost
10:22 Tree of Life
» items
| Boots of Speed | 1 | |
| Orb of Venom | 1 | |
2 total

»
MortarionX1 (
purple | 40 APM | 457 actions | 11:32)
3 Mountain King
2 Thunder Clap
1 Bash
2 Paladin
1 Holy Light
1 Divine Shield
» actions
| Basic commands | 17 | |
| Build / train | 44 | |
| Enter build submenu | 20 | |
| Enter hero's abilities submenu | 5 | |
| Right click | 189 | |
| Select / deselect | 147 | |
| Use ability | 34 | |
457 total
» units
| Peasant | 10 | |
| Rifleman | 7 | |
| Blue Drake | 1 | |
| Priest | 3 | |
21 total
» upgrades
| Masonry | 2 | |
| Gunpowder | 2 | |
| Armor | 2 | |
| Long Rifles | 1 | |
| Lumber Harvesting | 2 | |
| Priest Training | 2 | |
11 total
» buildings
| Altar of Kings | 1 | |
| Farm | 9 | |
| Lumber Mill | 1 | |
| Scout Tower | 2 | |
| Blacksmith | 1 | |
| Barracks | 1 | |
| Guard Tower | 1 | |
| Arcane Tower | 1 | |
| Arcane Vault | 1 | |
| Keep | 1 | |
| Arcane Sanctum | 1 | |
| Castle | 1 | |
| Town Hall | 1 | |
| Workshop | 1 | |
23 total
» build order
00:25 Altar of Kings
00:40 Farm
00:57 Lumber Mill
01:17 Farm
01:31 Scout Tower
01:56 Blacksmith
02:10 Barracks
02:15 Farm
02:37 Guard Tower
02:47 Scout Tower
02:56 Farm
03:17 Arcane Tower
03:20 Farm
03:43 Arcane Vault
04:08 Keep
05:45 Farm
06:40 Farm
07:04 Arcane Sanctum
07:54 Castle
07:58 Farm
10:19 Town Hall
10:34 Workshop
11:23 Farm
» items
| Potion of Lesser Invulnerability | 1 | |
1 total
voron555 (
blue | 82 APM | 948 actions | 11:32)
3 Keeper of the Grove
1 Force of Nature
2 Entangling Roots
1 Demon Hunter
1 Mana Burn
» actions
| Assign group hotkey | 31 | |
| Basic commands | 6 | |
| Build / train | 53 | |
| Enter build submenu | 19 | |
| Enter hero's abilities submenu | 4 | |
| Remove unit from queue | 3 | |
| Right click | 413 | |
| Select / deselect | 260 | |
| Select group hotkey | 130 | |
| Use ability | 29 | |
948 total
» units
| Wisp | 25 | |
| Archer | 3 | |
| Huntress | 2 | |
| Makrura Deepseer | 1 | |
| Dryad | 4 | |
35 total
» upgrades
| Reinforced Hides | 1 | |
| Strength of the Wild | 1 | |
| Well Spring | 0 | |
| Druid of the Claw Training | 1 | |
| Abolish Magic | 1 | |
4 total
» buildings
| Moon Well | 7 | |
| Altar of Elders | 1 | |
| Ancient of War | 2 | |
| Tree of Ages | 2 | |
| Hunter's Hall | 1 | |
| Tree of Life | 1 | |
| Ancient of Lore | 2 | |
| Tree of Eternity | 2 | |
| Ancient of Wonders | 1 | |
| Ancient of Wind | 1 | |
| Chimaera Roost | 2 | |
22 total
» build order
00:08 Moon Well
00:22 Altar of Elders
00:36 Ancient of War
01:12 Ancient of War
01:49 Moon Well
02:21 Moon Well
03:21 Tree of Ages
03:21 Tree of Ages
03:55 Hunter's Hall
03:59 Tree of Life
05:44 Moon Well
05:47 Ancient of Lore
05:48 Ancient of Lore
07:30 Tree of Eternity
07:30 Tree of Eternity
10:00 Ancient of Wonders
10:22 Ancient of Wind
10:35 Moon Well
10:36 Moon Well
10:37 Moon Well
11:25 Chimaera Roost
11:28 Chimaera Roost
team 2 (loser)

»
xXxAFKxXx (
orange | 9 APM | 96 actions | 10:37)
1 Priestess of the Moon
1 Trueshot Aura
» actions
| Assign group hotkey | 1 | |
| Build / train | 12 | |
| Enter build submenu | 6 | |
| Enter hero's abilities submenu | 1 | |
| Right click | 40 | |
| Select / deselect | 28 | |
| Select group hotkey | 2 | |
| Use ability | 6 | |
96 total
» units
» upgrades
» buildings
| Altar of Kings | 1 | |
| Farm | 1 | |
| Tree of Life | 1 | |
| Moon Well | 2 | |
| Tree of Eternity | 1 | |
| Ancient of Wind | 1 | |
7 total
» build order
00:11 Altar of Kings
00:12 Farm
08:24 Tree of Life
08:51 Moon Well
08:53 Tree of Eternity
08:59 Ancient of Wind
09:53 Moon Well
FrancaisForce (
pink | 33 APM | 379 actions | 11:32)
» actions
| Basic commands | 28 | |
| Build / train | 26 | |
| Enter build submenu | 28 | |
| Right click | 95 | |
| Select / deselect | 147 | |
| Use ability | 55 | |
379 total
» units
» upgrades
| Masonry | 3 | |
| Lumber Harvesting | 2 | |
5 total
» buildings
| Lumber Mill | 1 | |
| Scout Tower | 16 | |
| Arcane Tower | 1 | |
| Guard Tower | 10 | |
| Keep | 1 | |
| Altar of Kings | 1 | |
| Castle | 1 | |
| Blacksmith | 2 | |
| Workshop | 3 | |
| Farm | 5 | |
41 total
» build order
00:28 Lumber Mill
00:46 Scout Tower
00:50 Scout Tower
00:54 Scout Tower
00:58 Scout Tower
01:00 Scout Tower
01:17 Arcane Tower
01:44 Guard Tower
01:45 Guard Tower
02:04 Guard Tower
02:14 Guard Tower
02:27 Scout Tower
02:29 Scout Tower
02:33 Scout Tower
02:36 Scout Tower
02:38 Scout Tower
03:28 Keep
03:35 Guard Tower
03:42 Guard Tower
03:59 Guard Tower
04:04 Guard Tower
06:38 Scout Tower
06:38 Scout Tower
06:39 Scout Tower
06:40 Scout Tower
06:41 Scout Tower
06:51 Altar of Kings
07:32 Guard Tower
08:02 Castle
08:49 Scout Tower
09:03 Blacksmith
09:05 Blacksmith
10:02 Guard Tower
10:27 Workshop
10:28 Workshop
10:28 Workshop
10:33 Farm
10:34 Farm
10:35 Farm
10:35 Farm
10:37 Farm
» items

»
giesela81 (
red | 34 APM | 243 actions | 07:03)
1 Priestess of the Moon
1 Searing Arrows
» actions
| Basic commands | 14 | |
| Build / train | 34 | |
| Enter build submenu | 14 | |
| Enter hero's abilities submenu | 1 | |
| Give item / drop item | 1 | |
| Right click | 90 | |
| Select / deselect | 73 | |
| Use ability | 16 | |
243 total
» units
» buildings
| Moon Well | 3 | |
| Altar of Elders | 1 | |
| Ancient of War | 1 | |
| Tree of Life | 2 | |
| Hunter's Hall | 1 | |
| Ancient of Wonders | 1 | |
| Tree of Ages | 1 | |
10 total
» build order
00:19 Moon Well
00:33 Altar of Elders
00:59 Ancient of War
01:47 Moon Well
02:49 Moon Well
03:41 Tree of Life
03:59 Hunter's Hall
04:04 Ancient of Wonders
04:33 Tree of Life
06:31 Tree of Ages
TRUMPS_A_RETARD (
yellow | 39 APM | 445 actions | 11:32)
2 Blademaster
1 Wind Walk
1 Critical Strike
» actions
| Basic commands | 19 | |
| Build / train | 32 | |
| Enter build submenu | 13 | |
| Enter hero's abilities submenu | 2 | |
| Right click | 216 | |
| Select / deselect | 143 | |
| Use ability | 20 | |
445 total
» units
| Peon | 7 | |
| Grunt | 6 | |
| Troll Headhunter/Berserker | 1 | |
| Goblin Zeppelin | 1 | |
| Goblin Shredder | 1 | |
16 total
» upgrades
| Pillage | 1 | |
| Armor | 1 | |
| Melee Weapons | 1 | |
| Ranged Weapons | 2 | |
| Troll Regeneration | 1 | |
| Berserker Strength | 1 | |
| Shaman Training | 1 | |
8 total
» buildings
| Altar of Storms | 1 | |
| Orc Burrow | 5 | |
| Barracks | 2 | |
| Voodoo Lounge | 1 | |
| War Mill | 1 | |
| Stronghold | 1 | |
| Fortress | 1 | |
| Watch Tower | 1 | |
| Spirit Lodge | 1 | |
| Great Hall | 1 | |
15 total
» build order
00:17 Altar of Storms
00:28 Orc Burrow
00:46 Barracks
01:41 Voodoo Lounge
02:01 Orc Burrow
02:17 Barracks
03:35 Orc Burrow
04:41 War Mill
06:02 Stronghold
08:52 Fortress
08:58 Watch Tower
09:20 Orc Burrow
09:27 Orc Burrow
09:46 Spirit Lodge
10:13 Great Hall
» items
| Healing Salve | 2 | |
| Potion of Healing | 1 | |
3 total
Chat log
(00:20 / Allies) xXxAFKxXx: just afk 1 min
(04:11 / Allies) giesela81: lol noob
(04:23 / Allies) TRUMPS_A_RETARD: wtf
(04:26 / Allies) giesela81: du hurensohn
(04:46 / Allies) TRUMPS_A_RETARD: tk fag?
(04:58 / Allies) giesela81: lol ihr hurenswöhne
(05:41 / Allies) giesela81: lol
(06:39 / Allies) xXxAFKxXx: nice pink
(07:28 / Allies) TRUMPS_A_RETARD: pink take red
(07:38 / Allies) FrancaisForce: orange please take
(07:46 / Allies) TRUMPS_A_RETARD: fuck oj
(07:49 / Allies) TRUMPS_A_RETARD: faggot is tk
(07:51 / Allies) FrancaisForce: what did he do
(07:57 / Allies) xXxAFKxXx: mass chims?
(07:58 / Allies) TRUMPS_A_RETARD: u blind fuck
(08:22 / Allies) FrancaisForce: I saw you killed him I thought it was because he said he was afk
(08:30 / Allies) TRUMPS_A_RETARD: he tk red
(08:32 / Allies) TRUMPS_A_RETARD: nigger
(08:37 / Allies) FrancaisForce: wow, that's messed up!
(08:40 / Allies) xXxAFKxXx: xD
(10:03 / Allies) xXxAFKxXx: loook
(10:08 / Allies) xXxAFKxXx: what a retard
(10:14 / Allies) xXxAFKxXx: bye
(10:20 / Allies) FrancaisForce: Why'd you do that? I'm starting to think you were the real tk!
(10:22 / Allies) TRUMPS_A_RETARD: fuckoff cunt nigger
(10:25 / Allies) xXxAFKxXx: cant win with nigger
(10:50 / Allies) FrancaisForce: you could have just canceled it
(10:53 / Allies) FrancaisForce: you had control
(10:58 / Allies) TRUMPS_A_RETARD: fuck that bitch
(11:01 / Allies) TRUMPS_A_RETARD: take red
(11:03 / Allies) TRUMPS_A_RETARD: mass it
(11:28 / All) FrancaisForce: I leave, yellow is a tk and he impugns the honor of others. A truly despicable human being!